 Seeded DCSS version 0.30-a0-1075-gcd70e7a56d (webtiles) character file.

Game seed: 9984866775504283061 (custom seed)

458 Pimp the Trooper (level 7, -1/61 HPs)
             Began as a Hill Orc Fighter on Apr 14, 2023.
             Slain by an orc
             ... wielding a +0 war axe
              (6 damage)
             ... on level 3 of the Dungeon.
             The game lasted 00:05:06 (1829 turns).

Pimp the Trooper (Hill Orc Fighter)                 Turns: 1829, Time: 00:05:07

Health: -1/61      AC:  7    Str: 21    XL:     7   Next: 6%
Magic:  7/9        EV:  9    Int:  8    God:
Gold:   87         SH:  5    Dex: 13    Spells: 8/8 levels left

rFire   . . .      SeeInvis +    a - +0 war axe (flame)
rCold   . . .      Faith    .    c - +0 buckler
rNeg    . . .      Spirit   .    b - +0 scale mail
rPois   .          Reflect  .    (no helmet)
rElec   .          Rampage  .    (no cloak)
rCorr   .                        (no gloves)
Will    .....                    (no boots) Stlth
                                 (no amulet)
HPRegen 0.30/turn                p - ring of Imuiturch {Dex+3 SInv}
MPRegen 0.11/turn                (no ring)

@: studying Conjurations
A: no striking features
a: no special abilities


You were on level 3 of the Dungeon.
You visited 1 branch of the dungeon, and saw 3 of its levels.

You collected 87 gold pieces.

Inventory:

Hand Weapons
 a - a +0 war axe of flaming (weapon)
 t - a +0 war axe
Missiles
 j - a throwing net (quivered)
Armour
 b - a +0 scale mail (worn)
 c - a +0 buckler (worn)
Jewellery
 p - the ring of Imuiturch (left hand) {Dex+3 SInv}
   (You acquired it on level 2 of the Dungeon)

   [ring of see invisible]

   Dex:       It affects your dexterity (+3).
   SInv:      It lets you see invisible.
 q - a ring of ice
Scrolls
 f - a scroll of poison
 h - a scroll of noise {unknown}
 i - 2 scrolls of fear
 l - a scroll of amnesia {unknown}
 n - a scroll of teleportation
 u - a scroll of butterflies {unknown}
Potions
 d - a potion of might
 k - a potion of heal wounds {unknown}
 m - a potion of attraction {unknown}
 o - a potion of brilliance
 r - 2 potions of lignification {unknown}
 s - a potion of flight {unknown}


   Skills:
 + Level 5.0 Fighting
 + Level 4.6 Axes
 + Level 4.5 Armour
 + Level 4.6 Shields
 + Level 1.4 Spellcasting
 * Level 4.3 Conjurations


You had 8 spell levels left.
You didn't know any spells.
Your spell library contained the following spells:

 Spells                   Type           Power      Damage    Failure   Level
 Vhi's Electric Charge    Tloc/Air       0%         N/A       98%         3
 Arcjolt                  Conj/Air       2%         1d12      100%        5
 Maxwell's Capacitive Co  Air            0%         ∞         100%        8


Dungeon Overview and Level Annotations

Branches:
Dungeon (3/15)

Altars:


Message History

You hit the orc. You burn the orc. The gnoll barely misses you.
The orc hits you but does no damage.
The gnoll hits you from afar with a +0 halberd!
* * * LOW HITPOINT WARNING * * *
The orc hits you but does no damage. The orc barely misses you.
The gnoll closely misses you.
You hit the orc. You burn the orc.
The orc is heavily wounded.
You slash the gnoll bouda! You burn the gnoll bouda.
You kill the gnoll bouda!
You hit the orc. You burn the orc.
You kill the orc!
The gnoll is no longer moving quickly.
You block the gnoll's attack. The orc hits you but does no damage.
The gnoll hits you from afar with a +0 spear.
* * * LOW HITPOINT WARNING * * *
The gnoll hits you with a +0 club.
* * * LOW HITPOINT WARNING * * *
The gnoll hits you with a +0 flail.
* * * LOW HITPOINT WARNING * * *
The orc hits you with a +0 war axe.
* * * LOW HITPOINT WARNING * * *
The gnoll barely misses you.
You have reached level 7!
You feel better. You block the gnoll's attack.
The gnoll hits you with a +0 flail.
* * * LOW HITPOINT WARNING * * *
The gnoll hits you from afar with a +0 halberd.
* * * LOW HITPOINT WARNING * * *
You block the orc's attack.
You barely miss the orc.
The orc is heavily wounded.
You closely miss the gnoll. You hit the gnoll. You burn the gnoll.
You kill the gnoll!
The gnoll is no longer moving quickly.
The gnoll hits you from afar with a +0 spear.
* * * LOW HITPOINT WARNING * * *
The gnoll barely misses you. The gnoll hits you but does no damage.
The orc hits you with a +0 war axe.
You die...

≈~~....~≈
.........
############++++##
........ ......#
.....#
####''####### ...
#.#g........#....
#.@og.......'....'
#)#g........'....'
#)#.g.......#8..8#
##################


You could see 4 gnolls and an orc.

Vanquished Creatures
  The ghost of BlasphemerAmon the Firebug, a weakling GnFE (D:3)
  5 howler monkeys (D:3)
  A hound (D:3)
  A gnoll bouda (D:3)
  5 adders
  5 gnolls (D:3)
  2 dart slugs
  12 orcs (D:3)
  4 endoplasms
  A giant cockroach (D:1)
  4 goblins
  2 hobgoblins (D:1)
  14 jackals
  2 quokkas (D:2)
  5 ball pythons
  6 bats
  7 frilled lizards
  4 kobolds
  8 rats
89 creatures vanquished.

Vanquished Creatures (others)
  2 plants (D:3)
2 creatures vanquished.

Grand Total: 91 creatures vanquished

Notes
Turn   | Place    | Note
-------+----------+-------------------------------------------
     0 | D:1      | Pimp the Hill Orc Fighter began the quest for the Orb.
     0 | D:1      | Reached XP level 1. HP: 19/19 MP: 1/1
    80 | D:1      | Reached XP level 2. HP: 21/27 MP: 2/2
   308 | D:1      | Reached skill level 4 in Fighting
   365 | D:1      | Reached XP level 3. HP: 33/33 MP: 3/3
   787 | D:2      | Reached XP level 4. HP: 40/40 MP: 4/4
  1115 | D:2      | Identified 2 scrolls of acquirement
  1115 | D:2      | Acquired the ring of Imuiturch {Dex+3 SInv}
  1116 | D:2      | Acquired a manual of Conjurations
  1271 | D:3      | Reached skill level 1 in Conjurations
  1356 | D:3      | Found a runed translucent door.
  1368 | D:3      | Noticed BlasphemerAmon's ghost (weakling GnFE)
  1386 | D:3      | Killed BlasphemerAmon's ghost
  1387 | D:3      | Reached XP level 5. HP: 34/47 MP: 5/5
  1493 | D:3      | Reached skill level 1 in Spellcasting
  1493 | D:3      | Reached XP level 6. HP: 45/53 MP: 7/7
  1528 | D:3      | HP: 2/55 [gnoll/+0 spear (2)]
  1826 | D:3      | Reached skill level 5 in Fighting
  1828 | D:3      | Reached XP level 7. HP: 9/61 MP: 7/9
  1829 | D:3      | Slain by an orc

Illustrated notes

Levels and vault maps discovered:
D:1:      minmay_arrival_plants_in_alcoves, layout_basic,
          minmay_misc_feat_plants, chequers_serial_rivers_marsh
D:2:      layout_basic, minmay_misc_feat_columns
D:3:      lemuel_castle_with_subvaults [lemuel_castle_interior_carwin_2],
          layout_rooms, ebering_ghost_sewer_d

Skill      XL: |  1  2  3  4  5  6 |
---------------+-------------------+-----
Axes           | 3 4 |  4.6
Fighting       | 4 5 |  5.0
Conjurations   | 2 3 4 |  4.3
Shields        | 4 |  4.6
Armour         | 4 |  4.5
Spellcasting   | 1 |  1.4

Action                     |  1- 3 |  4- 6 |  7- 9 || total
---------------------------+-------+-------+-------++-------
  Melee: War axe           |    93 |   159 |     1 ||   253
    Use: Scroll            |       |    13 |       ||    13
         Potion            |       |       |     1 ||     1
 Armour: Scale mail        |    69 |   109 |     1 ||   179
  Dodge: Dodged            |    66 |   111 |     1 ||   178
  Block: Buckler           |    25 |    59 |     2 ||    86

Table legend: (Time is in decaauts)
 A = Elapsed time spent in this place.
 B = Non-inter-level travel time spent in this place.
 C = Inter-level travel time spent in this place.
 D = Time resting spent in this place.
 E = Time spent auto-exploring this place.
 F = Levels seen in this place.
 G = Mean time per level.
                   A        B        C        D        E       F      G
               +--------+--------+--------+--------+--------+-----+--------+
         Total |   1934 |   1898 |     36 |    158 |   1048 |   3 |  644.7 |
       Dungeon |   1934 |   1898 |     36 |    158 |   1048 |   3 |  644.7 |
               +--------+--------+--------+--------+--------+-----+--------+

Top non-repeatable levels by time:
     D:3: 748 daAuts
     D:1: 639 daAuts
     D:2: 547 daAuts
